 Dungeon Crawl Stone Soup version 0.25.1-2-g60ff931df9 (webtiles) character file.

Game seed: 1309256990878683096

42 diana the Slasher (level 3, -5/28 HPs)
             Began as a Demonspawn Gladiator on Sept 15, 2020.
             Slain by a small abomination (8 damage)
             ... on level 1 of the Abyss.
             The game lasted 00:02:09 (1481 turns).

diana the Slasher (Demonspawn Gladiator)            Turns: 1481, Time: 00:02:09

Health: -5/28      AC:  5    Str: 15    XL:     3   Next: 33%
Magic:  3/3        EV: 13    Int:  9    God:
Gold:   39         SH:  0    Dex: 14    Spells: 2/2 levels left

rFire    . . .     SeeInvis .   a - +0 long sword
rCold    . . .     Gourm    .   (no shield)
rNeg     . . .     Faith    .   b - +0 leather armour
rPois    .         Spirit   .   c - +0 helmet
rElec    .         Reflect  .   (no cloak)
rCorr    .         Harm     .   n - +0 pair of gloves
MR       .....                  (no boots)
Stlth    +.........             (no amulet)
HPRegen  0.09/turn              (no ring)
MPRegen  0.08/turn              (no ring)

@: no status effects
A: sturdy frame 1
a: no special abilities


You were on level 1 of the Abyss.
You were near starving.

You visited 1 branch of the dungeon, and saw 2 of its levels.
You visited the Abyss 1 time.

You collected 39 gold pieces.

Inventory:

Hand Weapons
 a - a +0 long sword (weapon)
Missiles
 d - 3 throwing nets (quivered)
Armour
 b - a +0 leather armour (worn)
 c - a +0 helmet (worn)
 n - a +0 pair of gloves (worn)
Jewellery
 p - a +4 ring of evasion {unknown}
Scrolls
 i - a scroll of teleportation {unknown}
 j - a scroll of fog {unknown}
 o - a scroll of enchant weapon {unknown}
 r - a scroll of random uselessness {unknown}
 s - a scroll of amnesia {unknown}
Potions
 e - a potion of berserk rage {unknown}
 g - a potion of brilliance {unknown}
 k - a potion of cancellation {unknown}
 l - 2 potions of resistance
 q - 2 potions of curing
Comestibles
 f - 4 rations


   Skills:
 + Level 2.4 Fighting
 * Level 3.3 Long Blades
 - Level 1.7 Throwing
 + Level 1.0 Armour
 + Level 3.0 Dodging


You had 2 spell levels left.
You didn't know any spells.
Your spell library was empty.

Dungeon Overview and Level Annotations

Branches:
Dungeon (2/15)

Altars:


Innate Abilities, Weirdness & Mutations

Your movements are slightly less encumbered by armour. (ER -2)


Message History

The naga warrior shouts!
The guardian serpent shouts!
You hear a shout! x2
The naga mage shouts!
The naga shouts!
You see here a wand of flame (19).
The small abomination hits you but does no damage.
A worldbinder comes into view.
Found a potion of resistance.
The small abomination closely misses you.
You riposte.
You hit the small abomination.
The small abomination is lightly damaged.
The guardian serpent weaves intricate patterns with the tip of its tongue.
The naga blinks!
The salamander blinks into view!
The naga barely misses you.
You riposte.
You hit the naga but do no damage. The naga closely misses you.
The salamander hits you with a +0 halberd!
Ouch! That really hurt!
You are engulfed in flames!
* * * LOW HITPOINT WARNING * * *
As you read the scroll labeled NYMEIHYKOI, it crumbles to dust.
You hear a loud clanging noise!
It was a scroll of noise.
The small abomination hits you!
You die...

. #. #.. ... #### #
#.# #NN# . ! ##@# #
#. #.#x# #. .#
##S## .. #..##...#
#.##. N##.###
#...#N# .N#..
.#ยง...##./.#......
#..N.....##..#.##.#
##.##...N. .#...#


You could see 2 salamanders, a guardian serpent, a naga and a small abomination.

Vanquished Creatures
  2 gnolls (D:1)
  2 ball pythons (D:1)
  4 bats
  A giant cockroach (D:1)
  3 goblins (D:1)
  3 hobgoblins (D:1)
  3 frilled lizards (D:1)
  2 kobolds (D:1)
  A rat (D:1)
21 creatures vanquished.

Notes
Turn   | Place    | Note
-------+----------+-------------------------------------------
     0 | D:1      | diana the Demonspawn Gladiator began the quest for the Orb.
     0 | D:1      | Reached XP level 1. HP: 16/16 MP: 1/1
   485 | D:1      | Gained mutation: Your movements are slightly less
                  | encumbered by armour. (ER -2) [demonic ancestry]
   485 | D:1      | Reached XP level 2. HP: 22/22 MP: 2/2
  1073 | D:1      | Reached XP level 3. HP: 18/28 MP: 3/3
  1138 | D:1      | Reached skill level 1 in Armour
  1408 | D:2      | Cast into level 1 of the Abyss (gnoll)
  1465 | Abyss:1  | Noticed a large abomination
  1466 | Abyss:1  | Noticed a starcursed mass
  1468 | Abyss:1  | Noticed a small abomination
  1472 | Abyss:1  | Noticed a guardian serpent
  1472 | Abyss:1  | Noticed a naga warrior
  1472 | Abyss:1  | Noticed a naga mage
  1472 | Abyss:1  | Noticed a salamander
  1472 | Abyss:1  | Noticed a naga
  1472 | Abyss:1  | Noticed a salamander
  1475 | Abyss:1  | Noticed a worldbinder
  1481 | Abyss:1  | Slain by a small abomination

Illustrated notes

Levels and vault maps discovered:
D:1:      ebering_hopf_link, layout_basic
D:2:      layout_basic, yredelemnul_altar_generic,
          lemuel_coloured_pillars_altar, first_ration
Abyss:1:  base:
D:1

Skill      XL: |  1  2  3 |
---------------+----------+-----
Long Blades    | 3 |  3.3
Dodging        | 3 |  3.0
Armour         | 1 |  1.0
Fighting       | |  2.4
Throwing       | |  1.7

Action                   || total
-------------------------++-------
Melee: Long sword        ||    51
  Use: Scroll            ||     3
 Stab: Sleeping          ||     2
Armor: Leather armour    ||    16
Dodge: Dodged            ||    53
       Rpst.: Long sword ||    20
